 Dungeon Crawl Stone Soup version 0.31-a0-691-g409c26aa35 (webtiles) character file.

Game seed: 5367153460412046147

1554 CowFu the Changeling (level 8, -7/67 HPs)
             Began as a Black Draconian Shapeshifter on Sept 7, 2023.
             Was a Believer of Makhleb.
             Killed from afar by an orc wizard (12 damage)
             ... with a puff of flame
             ... on level 6 of the Dungeon.
             The game lasted 00:05:51 (5567 turns).

CowFu the Changeling (Black Draconian Shapeshifter) Turns: 5567, Time: 00:05:51

Health: -7/67      AC:  6    Str: 17    XL:     8   Next: 57%
Magic:  2/2        EV: 12    Int: 11    God:    Makhleb [**....]
Gold:   445        SH:  0    Dex: 12    Spells: 7/7 levels left

rFire   . . .        g - +1 short sword (antimagic)
rCold   . . .        l - +0 buckler
rNeg    . . .        (body armour unavailable)
rPois   .            (helmet currently unavailable)
rElec   +            (cloak currently unavailable)
rCorr   .            (gloves currently unavailable)
SInv    +            (boots currently unavailable)
Will    .....        o - amulet of reflection
Stlth   +            s - ring of see invisible
HPRegen 0.31/turn    (no ring)
MPRegen 0.08/turn

%: reflection
@: confused, beast-form
A: beast (slay +4), breathe lightning, AC +6, unfitting armour, electricity
resistance, cold-blooded
a: Breathe Lightning, Begin Untransformation, Renounce Religion, Minor
Destruction


You were on level 6 of the Dungeon.
You worshipped Makhleb.
Makhleb was pleased with you.
You were a hulking beast.
You visited 1 branch of the dungeon, and saw 7 of its levels.

You collected 445 gold pieces.

Inventory:

Hand Weapons
 g - a +1 antimagic short sword (weapon)
Armour
 l - a +0 buckler (worn)
Jewellery
 o - an amulet of reflection (around neck)
 s - a ring of see invisible (left hand)
Talismans
 b - a beast talisman (active)
 c - a flux talisman
 A - a maw talisman
Scrolls
 d - a scroll of fear {unknown}
 f - 2 scrolls of revelation {unknown}
 i - 5 scrolls of poison {unknown}
 j - a scroll of brand weapon {unknown}
 m - a scroll of teleportation {unknown}
 p - 4 scrolls of identify {unknown}
 q - 2 scrolls of enchant armour {unknown}
 r - a scroll of immolation {unknown}
 u - a scroll of fog {unknown}
 w - a scroll of amnesia {unknown}
 x - a scroll of noise {unknown}
 y - a scroll of enchant weapon {unknown}
 z - a scroll of blinking {unknown}
Potions
 a - 2 potions of lignification
 e - 7 potions of curing {unknown}
 h - 2 potions of degeneration {unknown}
 k - a potion of magic {unknown}
 n - a potion of brilliance {unknown}
 t - a potion of might {unknown}
 v - 2 potions of heal wounds {unknown}


   Skills:
 - Level 4.6 Fighting
 - Level 4.1 Dodging
 - Level 0.6 Shields
 - Level 5.0 Unarmed Combat
 + Level 7.9 Shapeshifting


You had 7 spell levels left.
You didn't know any spells.
Your spell library contained the following spells:

 Spells                   Type           Power      Damage    Failure   Level
 Sting                    Tmut/Pois      0%         1d3       43%         1
 Poisonous Vapours        Pois/Air       0%         N/A       56%         2
 Dazzling Flash           Conj/Hex       0%         N/A       80%         3
 Volatile Blastmotes      Fire/Tloc      0%         2d10      80%         3
 Olgreb's Toxic Radiance  Pois           0%         N/A       99%         4
 Starburst                Conj/Fire      0%         6d3       100%        6
 Maxwell's Capacitive Co  Air            0%         ∞         100%        8


Dungeon Overview and Level Annotations

Branches:
Dungeon (7/15)             Temple (0/1) D:4

Altars:
Fedhas
Makhleb

Shops:
D:1 [   D:6 :


Innate Abilities, Weirdness & Mutations

You are a hulking beast.
Your limbs bulge with bestial killing power. (Slay +4)
You can breathe wild blasts of lightning.
Your glossy black scales are hard. (AC +6)
You cannot fit into any form of body armour.
You are resistant to electric shocks. (rElec)
You are cold-blooded and may be slowed by cold attacks.


Message History

There is a stone staircase leading up here.
The howler monkey hoots and howls with incredible vigour!
The black bear misses you. The black bear claws you. x2
* * * LOW HITPOINT WARNING * * *
The orc wizard gestures at you while chanting.
You resist with some effort. You block the orc wizard's attack.
The ice beast closely misses you.
You hear a shout! x2
You climb upwards.
There is a stone staircase leading down here.
You hit the black bear.
The black bear is lightly wounded.
You block the black bear's attack. The black bear barely misses you.
The black bear claws you.
* * * LOW HITPOINT WARNING * * *
The orc wizard casts a spell at you.
You are confused.
You hit the black bear.
The black bear is moderately wounded.
The black bear closely misses you. x2; The black bear claws you.
* * * LOW HITPOINT WARNING * * *
The orc wizard gestures wildly while chanting.
The orc wizard flickers and vanishes for a moment.
You hit the black bear.
The black bear is moderately wounded.
The black bear bites you but does no damage.
The black bear misses you.
The black bear claws you but does no damage.
The orc wizard casts a spell at you.
You are more confused.
You're too confused to move!
The black bear bites you.
* * * LOW HITPOINT WARNING * * *
The black bear claws you but does no damage. x2
The orc wizard barely misses you.
You bump into the rock wall.
The black bear barely misses you. The black bear completely misses you.
The black bear claws you.
* * * LOW HITPOINT WARNING * * *
The orc wizard casts a spell at you. The puff of flame hits you!
You die...

#......###.########†#
#.#####.#......<..#.# #.#
##...######.#.#############
#.# ###.#
##.#..............
#.########.#
##.#...###.#.######
...........####.###..#
#.#.# # #.#########>..Y##
##.# #.#.# ## #..#
#.###o###.## #.#.# #. ##.#
#.# ##h#).####.#.# #. #.#
#.# ##ho......#.# #. #.#
#.# ###.######.# #. ##.#
#.# #....# #.#####. ...#
#.## ###.##.# #....##. ####
#..# #...##.# ####.##. ##.#
#.####.# #.##. #.# ##.# #.#
#.##. #.# #..# #.# ####.##.


You could see a black bear, an ice beast and 2 orc wizards.

Vanquished Creatures
  Sigmund (D:4)
  An ice beast (D:5)
  A sky beast (D:6)
  3 ogres
  A centaur (D:7)
  A phantom (D:4)
  2 bullfrogs
  2 scorpions
  2 howler monkeys (D:7)
  2 jellies
  6 hounds
  3 sleepcaps
  An iguana (D:5)
  Robin (D:4)
  6 adders
  A white imp (D:7)
  A worm (D:2)
  3 dart slugs
  10 orcs
  6 ball pythons
  4 bats
  6 endoplasms
  3 giant cockroaches
  13 goblins
  12 hobgoblins
  3 jackals (D:4)
  2 quokkas
  A frilled lizard (D:3)
  4 kobolds
  5 rats
107 creatures vanquished.

Notes
Turn   | Place    | Note
-------+----------+-------------------------------------------
     0 | D:1      | CowFu the Draconian Shapeshifter began the quest for the
                  | Orb.
     0 | D:1      | Reached XP level 1. HP: 16/16 MP: 1/1
   414 | D:1      | Reached XP level 2. HP: 22/23 MP: 2/2
   516 | D:1      | Found Yntaddu's Antique Armour Shop.
   745 | D:2      | Reached skill level 4 in Shapeshifting
   807 | D:2      | Reached XP level 3. HP: 28/28 MP: 1/3
   843 | D:2      | Found a burning altar of Makhleb.
   861 | D:2      | Became a worshipper of Makhleb the Destroyer
  1311 | D:2      | You fall into a shaft and drop 2 floors!
  1357 | D:4      | Reached XP level 4. HP: 27/35 MP: 1/4
  1529 | D:4      | Noticed Sigmund
  1600 | D:3      | Noticed a scorpion
  1627 | D:3      | Killed a scorpion
  1628 | D:3      | Reached skill level 5 in Shapeshifting
  1628 | D:3      | Reached XP level 5. HP: 10/40 MP: 1/5
  1966 | D:3      | Reached * piety under Makhleb
  2574 | D:4      | Noticed a phantom
  2591 | D:4      | Killed a phantom
  2592 | D:4      | Reached skill level 6 in Shapeshifting
  2944 | D:4      | Found a staircase to the Ecumenical Temple.
  2972 | D:4      | Noticed Robin
  2976 | D:4      | Reached XP level 6. HP: 40/47 MP: 2/6
  3003 | D:4      | Killed Robin
  3474 | D:4      | Killed Sigmund
  3475 | D:4      | Reached skill level 7 in Shapeshifting
  3493 | D:5      | Entered Level 5 of the Dungeon
  3536 | D:5      | Noticed an ice beast
  3549 | D:5      | Killed an ice beast
  3550 | D:5      | Your scales start taking on a glossy black colour.
  3550 | D:5      | Reached XP level 7. HP: 47/55 MP: 2/7
  3550 | D:5      | Gained mutation: You are resistant to electric shocks.
                  | (rElec) [Black Draconian growth]
  3592 | D:5      | Found a blossoming altar of Fedhas.
  3644 | D:5      | Reached ** piety under Makhleb
  4772 | D:6      | Reached XP level 8. HP: 48/66 MP: 2/8
  4901 | D:6      | Found Jamp's Self-Published Books.
  5230 | D:6      | Reached skill level 5 in Unarmed Combat
  5567 | D:6      | Killed from afar by an orc wizard

Illustrated notes

Levels and vault maps discovered:
D:1:      amcnicky_arrival_abandoned_market, layout_loops_ring, serial_shops,
          nicolae_shop_tiny_real_fake_doors
D:2:      layout_rooms, basic_altar
D:3:      kb_forest_paths, layout_basic
D:4:      layout_gridville, minmay_temple_entry_offerings,
          minmay_misc_feat_doors, uniq_sigmund, uniq_robin
D:5:      layout_rooms, mainiacjoe_overflow_boulevard, serial_rivers,
          chequers_serial_rivers_micro_a, chequers_serial_rivers_room_b,
          chequers_serial_rivers_micro_e, chequers_serial_rivers_micro_e,
          minmay_quadrilaterals
D:6:      layout_loops_ring, nicolae_custom_books
D:7:      layout_rooms, nicolae_overflow_hidden_temple, uniq_prince_ribbit1,
          uniq_menkaure

Skill      XL: |  1  2  3  4  5  6  7  8 |
---------------+-------------------------+-----
Shapeshifting  | 4 5 6 7 |  7.9
Dodging        | 2 3 4 |  4.1
Fighting       | 2 4 |  4.6
Unarmed Combat | 4 5 |  5.0
Shields        | |  0.6

Action                     |  1- 3 |  4- 6 |  7- 9 || total
---------------------------+-------+-------+-------++-------
  Melee: Unarmed           |    21 |       |       ||    21
         Tailslap          |     9 |    17 |    28 ||    54
         Punch             |     2 |       |       ||     2
         Short sword       |    86 |   147 |   170 ||   403
Ability: Breathe Lightning |       |       |     3 ||     3
   Stab: Sleeping          |     2 |     1 |       ||     3
 Armour: Skin              |    51 |    85 |   105 ||   241
  Dodge: Dodged            |    56 |    78 |   101 ||   235
  Block: Buckler           |    13 |    80 |    81 ||   174
         Reflection        |       |       |     2 ||     2

Table legend: (Time is in decaauts)
 A = Elapsed time spent in this place.
 B = Non-inter-level travel time spent in this place.
 C = Inter-level travel time spent in this place.
 D = Time resting spent in this place.
 E = Time spent auto-exploring this place.
 F = Levels seen in this place.
 G = Mean time per level.
                   A        B        C        D        E       F      G
               +--------+--------+--------+--------+--------+-----+--------+
         Total |   5589 |   5435 |    154 |      0 |   4393 |   7 |  798.4 |
       Dungeon |   5589 |   5435 |    154 |      0 |   4393 |   7 |  798.4 |
               +--------+--------+--------+--------+--------+-----+--------+

Top non-repeatable levels by time:
     D:4: 1155 daAuts
     D:6: 1133 daAuts
     D:3: 999 daAuts
     D:5: 897 daAuts
     D:1: 684 daAuts
     D:2: 667 daAuts
     D:7: 52 daAuts
